 Dungeon Crawl Stone Soup version 0.30-a0-808-g6e0788376e (webtiles) character file.

Game seed: 2800215960105557877

317 BlueFish the Sneak (level 6, -1/44 HPs)
             Began as a Vampire Enchanter on Feb 25, 2023.
             Succumbed to a scorpion's poison
             ... on level 4 of the Dungeon.
             The game lasted 00:07:22 (3169 turns).

BlueFish the Sneak (Vampire Enchanter)              Turns: 3169, Time: 00:07:23

Health: -1/44      AC:  2    Str:  7    XL:     6   Next: 20%
Magic:  1/10       EV: 13    Int: 23    God:
Gold:   231        SH:  0    Dex: 17    Spells: 5/10 levels left

rFire   . . .      SeeInvis +    m - +3 dagger
rCold   . . .      Faith    .    (no shield)
rNeg    . . .      Spirit   .    b - +0 robe
rPois   .          Reflect  .    (no helmet)
rElec   .          Harm     .    (no cloak)
rCorr   .          Rampage  .    (no gloves)
Will    .....                    (no boots)
Stlth   +++                      (no amulet)
HPRegen 0.47/turn                v - +6 ring of intelligence
MPRegen 0.12/turn                (no ring)

@: lethally poisoned (-1 -> -9), healing quickly
A: alive, fangs 3, see invisible, vampiric 2
a: Exsanguinate


You were on level 4 of the Dungeon.
You visited 1 branch of the dungeon, and saw 4 of its levels.

You collected 231 gold pieces.

Inventory:

Hand Weapons
 m - a +3 dagger (weapon)
Armour
 b - a +0 robe (worn)
Jewellery
 e - a ring of ice
 v - a +6 ring of intelligence (left hand)
Scrolls
 a - a scroll of poison {unknown}
 d - a scroll of amnesia {unknown}
 g - 5 scrolls of identify {unknown}
 i - 3 scrolls of teleportation {unknown}
 j - 2 scrolls of butterflies {unknown}
 k - 2 scrolls of fear {unknown}
 n - a scroll of acquirement {unknown}
 p - a scroll of immolation {unknown}
 s - a scroll of magic mapping {unknown}
 u - a scroll of vulnerability {unknown}
Potions
 c - 3 potions of invisibility
 f - a potion of brilliance {unknown}
 h - a potion of ambrosia {unknown}
 l - 2 potions of haste {unknown}
 o - 3 potions of curing
 q - a potion of degeneration {unknown}
 r - a potion of berserk rage {unknown}
 t - 2 potions of mutation {unknown}
 w - a potion of magic {unknown}


   Skills:
 + Level 1.7 Fighting
 + Level 2.4 Short Blades
 + Level 1.6 Armour
 + Level 3.5 Dodging
 + Level 5.9 Stealth
 + Level 2.8 Spellcasting
 + Level 5.5 Hexes


You had 5 spell levels left.
You knew the following spells:

 Your Spells              Type           Power      Damage    Failure   Level
a - Ensorcelled Hibernat  Hex/Ice        32%        N/A       5%          2
b - Confusing Touch       Hex            29%        N/A       3%          3

Your spell library contained the following spells:

 Spells                   Type           Power      Damage    Failure   Level
 Tukima's Dance           Hex            29%        N/A       3%          3
 Dazzling Flash           Conj/Hex       32%        N/A       11%         3


Dungeon Overview and Level Annotations

Branches:
Dungeon (4/15)
 Temple: D:4-7

Altars:
Hepliaklqana
Kikubaaqudgha


Innate Abilities, Weirdness & Mutations

Your natural rate of healing is accelerated.
You have razor-sharp teeth.
You have supernaturally acute eyesight. (SInv)
You are afflicted with vampirism and can become a bat while bloodless.


Message History

The hound is lightly wounded.
The hound bites you.
You hit the hound.
The hound is moderately wounded.
The hound bites you.
You hit the hound.
The hound is heavily wounded.
The hound bites you. The scorpion stings you. The hound bites you.
* * * LOW HITPOINT WARNING * * *
You hit the hound.
The hound is heavily wounded.
The hound bites you.
* * * LOW HITPOINT WARNING * * *
The scorpion barely misses you.
You closely miss the hound.
The hound is heavily wounded.
The hound completely misses you. The scorpion stings you.
* * * LOW HITPOINT WARNING * * *
You are lethally poisoned!
The scorpion poisons you!
You closely miss the hound.
The hound is heavily wounded.
* * * LOW HITPOINT WARNING * * *
You feel very sick. The hound bites you.
* * * LOW HITPOINT WARNING * * *
The scorpion barely misses you. The hound bites you but does no damage.
It was a potion of curing.
You feel better. The scorpion stings you.
* * * LOW HITPOINT WARNING * * *
The hound bites you but does no damage. The hound attacks as you move away!
The hound misses you. The hound closely misses you.
The hound attacks as you move away! The hound barely misses you.
The scorpion stings you.
* * * LOW HITPOINT WARNING * * *
You are poisoned.
The scorpion poisons you! The scorpion attacks as you move away!
The scorpion stings you!
* * * LOW HITPOINT WARNING * * *
You die...

## ##.## #..# .###..[#
#.#..# .. .....#.#
#.#..# #.. .##....#
#.#..# #$# ###..###
#.#..# #.# ###..#
#.#..# #.# .##..#
#.#..# #.# .##..#
#.#.(###.###.# .##..#
#.#)...@.....#
###..#####.......(###.#
###.............hs.#
.............####..#
####.######### #..# #..
#...# ### ......
###...## #...#


You could see a scorpion and a hound.

Vanquished Creatures
  An ogre (D:4)
  3 orc priests (D:4)
  An orc wizard (D:4)
  4 adders
  A white imp (D:4)
  2 dart slugs
  3 orcs (D:4)
  2 bats
  A bat skeleton (D:3)
  3 bat zombies (D:3)
  2 endoplasms
  3 giant cockroaches
  6 goblins
  5 hobgoblins
  8 jackals (D:1)
  8 kobolds
  A quokka (D:3)
  8 ball pythons
  4 frilled lizards
  9 rats
75 creatures vanquished.

Vanquished Creatures (others)
  4 plants
4 creatures vanquished.

Grand Total: 79 creatures vanquished

Notes
Turn   | Place    | Note
-------+----------+-------------------------------------------
     0 | D:1      | BlueFish the Vampire Enchanter began the quest for the Orb.
     0 | D:1      | Reached XP level 1. HP: 13/13 MP: 3/3
    66 | D:1      | Found a faded altar of an unknown god.
   105 | D:1      | Reached XP level 2. HP: 20/20 MP: 5/5
   414 | D:1      | Learned a level 2 spell: Ensorcelled Hibernation
  1147 | D:2      | Gained mutation: You are afflicted with vampirism and can
                  | become a bat while bloodless. [Vampire growth]
  1147 | D:2      | Reached XP level 3. HP: 21/25 MP: 6/6
  1345 | D:2      | Reached skill level 1 in Fighting
  1492 | D:2      | Reached skill level 5 in Stealth
  1915 | D:3      | Reached XP level 4. HP: 32/32 MP: 7/7
  1918 | D:3      | Reached skill level 1 in Armour
  1923 | D:3      | Learned a level 3 spell: Confusing Touch
  1952 | D:3      | Found an ancient bone altar of Kikubaaqudgha.
  2000 | D:3      | Found a hazy altar of Hepliaklqana.
  2252 | D:3      | Identified the +1 whip of Mayc {venom, rPois rF- Dex+4}
  2623 | D:4      | Reached skill level 5 in Hexes
  2704 | D:4      | Noticed a bullfrog
  2750 | D:4      | Noticed an ogre
  2760 | D:4      | Killed an ogre
  2761 | D:4      | Reached XP level 5. HP: 37/37 MP: 0/8
  3009 | D:4      | Reached XP level 6. HP: 40/43 MP: 1/10
  3169 | D:4      | HP: 1/44 [scorpion (7)]
  3169 | D:4      | Succumbed to a scorpion's poison

Illustrated notes

Levels and vault maps discovered:
D:1:      psy_arrival_radial01, layout_loops_cross,
          hellmonk_ecumenical_altar_dog_temple, serial_rivers,
          chequers_serial_rivers_small_3, chequers_serial_rivers_large_b,
          chequers_serial_rivers_micro_d, chequers_serial_rivers_micro_b,
          minmay_pentomino_q4
D:2:      layout_basic, serial_forest, infiniplex_forest_lined_room_3,
          infiniplex_forest_straight_4, infiniplex_forest_clump_medium,
          infiniplex_forest_end_3, infiniplex_forest_clump_double,
          infiniplex_forest_clump_large, infiniplex_forest_straight_4,
          minmay_shallow_snake_nest
D:3:      layout_loops_ring, nicolae_hepliaklqana_hazy_memory,
          kennysheep_vampire_church
D:4:      layout_loops_ring, serial_shops, nicolae_shop_crystal,
          guppyfry_early_orc_mine, uniq_blork_the_orc

Skill      XL: |  1  2  3  4 |
---------------+-------------+-----
Fighting       | 1 |  1.7
Stealth        | 5 |  5.9
Armour         | 1 |  1.6
Dodging        | 3 |  3.5
Hexes          | 5 |  5.5
Short Blades   | 2 |  2.4
Spellcasting   | |  2.8

Action                     |  1- 3 |  4- 6 || total
---------------------------+-------+-------++-------
  Melee: Dagger            |   160 |   104 ||   264
         Bite              |    15 |     7 ||    22
         Punch             |     1 |       ||     1
   Cast: Ensorcelled Hiber |     5 |    16 ||    21
         Confusing Touch   |       |     2 ||     2
    Use: Potion            |       |     1 ||     1
   Stab: Sleeping          |     7 |    13 ||    20
         Confused          |       |     2 ||     2
 Armour: Robe              |    27 |    21 ||    48
  Dodge: Dodged            |   105 |    62 ||   167

Table legend: (Time is in decaauts)
 A = Elapsed time spent in this place.
 B = Non-inter-level travel time spent in this place.
 C = Inter-level travel time spent in this place.
 D = Time resting spent in this place.
 E = Time spent auto-exploring this place.
 F = Levels seen in this place.
 G = Mean time per level.
                   A        B        C        D        E       F      G
               +--------+--------+--------+--------+--------+-----+--------+
         Total |   3178 |   3076 |    102 |      0 |   2335 |   4 |  794.5 |
       Dungeon |   3178 |   3076 |    102 |      0 |   2335 |   4 |  794.5 |
               +--------+--------+--------+--------+--------+-----+--------+

Top non-repeatable levels by time:
     D:1: 1088 daAuts
     D:2: 810 daAuts
     D:3: 706 daAuts
     D:4: 572 daAuts
